 Dungeon Crawl Stone Soup version 0.30-a0-867-g305f33218d (webtiles) character file.

Game seed: 16474360240792166228

1427805 loopz the Slayer (level 26, 227/227 HPs)
             Began as a Pale Draconian Conjurer on Mar 10, 2023.
             Was a Priest of Hepliaklqana.
             Escaped with the Orb
             ... and 3 runes on Mar 11, 2023!
             The game lasted 05:33:13 (97988 turns).

loopz the Slayer (Pale Draconian Conjurer)         Turns: 97988, Time: 05:33:14

Health: 227/227    AC: 22    Str: 11    XL:     26   Next: 29%
Magic:  42/42      EV: 14    Int: 31    God:    Hepliaklqana [***...]
Gold:   1159       SH: 25    Dex: 14    Spells: 2/55 levels left

rFire   + . .      SeeInvis .    b - staff of conjuration
rCold   . . .      Faith    .    l - +6 tower shield {rPois}
rNeg    + . .      Spirit   .    (body armour unavailable)
rPois   +          Reflect  .    s - +2 hat
rElec   +          Rampage  .    F - +1 cloak of Cowardice {rElec Stlth+}
rCorr   .                        V - +2 pair of gloves {Dex+3}
Will    +++..                    D - +2 pair of boots
Stlth   ++                       r - amulet "Coffintu" {RegenMP rF+ rN+}
HPRegen 0.57/turn                c - ring "Orugh" {Fire Will++}
MPRegen 0.68/turn                t - ring of Xyelou {Ice Int+3}

@: no status effects
A: reduced essence, breathe steam, AC +12, unfitting armour, cold-blooded, steam
resistance, fangs 1, deterioration 1, mutation resistance 1
0: Orb of Zot
}: 3/15 runes: serpentine, barnacled, silver
a: Breathe Steam, Renounce Religion, Recall Ancestor, Ancestor Identity,
Transference


You escaped.
You worshipped Hepliaklqana.
Hepliaklqana was most pleased with you.
You visited 10 branches of the dungeon, and saw 48 of its levels.
You also visited: Bailey and Gauntlet.

You collected 10057 gold pieces.
You spent 8898 gold pieces at shops.

Inventory:

Hand Weapons
 a - the +3 trident "Orb Guardian's Foe" {freeze, rF+ rC+ rN+}
   (You took it off a spriggan on level 13 of the Dungeon)

   rF:        It protects you from fire.
   rC:        It protects you from cold.
   rN:        It protects you from negative energy.
Missiles
 G - a throwing net
Armour
 l - a +6 tower shield of poison resistance (worn)
 s - a +2 hat (worn)
 D - a +2 pair of boots (worn)
 F - the +1 cloak of Cowardice (worn) {rElec Stlth+}
   (You found it in a Gauntlet)

   rElec:     It insulates you from electricity.
   Stlth:     It makes you more stealthy.
 V - a +2 pair of gloves of dexterity (worn)
Magical Staves
 b - a staff of conjuration (weapon)
Jewellery
 c - the ring "Orugh" (left hand) {Fire Will++}
   (You took it off a deep elf annihilator on level 3 of the Elven Halls)

   [ring of fire]

   It enhances your fire magic.
   rF:        It protects you from fire.
   rC:        It makes you vulnerable to cold.
   Will:      It greatly increases your willpower.
 d - a ring of protection from fire
 p - a ring of willpower
 q - a ring of wizardry
 r - the amulet "Coffintu" (around neck) {RegenMP rF+ rN+}
   (You acquired it on level 3 of the Snake Pit)

   [amulet of magic regeneration]

   It increases your rate of magic regeneration.
   rF:        It protects you from fire.
   rN:        It protects you from negative energy.
 t - the ring of Xyelou (right hand) {Ice Int+3}
   (You bought it in a shop on level 5 of the Dungeon)

   [ring of ice]

   It enhances your ice magic.
   Int:       It affects your intelligence (+3).
   rF:        It makes you vulnerable to fire.
   rC:        It protects you from cold.
 B - a ring of willpower
 I - a ring of see invisible
 M - a ring of protection from cold
 N - the ring of Waost {rN++ EV+5}
   (You took it off a deep elf demonologist on level 3 of the Elven Halls)

   [ring of evasion]

   EV:        It affects your evasion (+5).
   rN:        It greatly protects you from negative energy.
 R - a ring of resist corrosion
 Z - the ring "Zoigo" {*Slow rElec EV+5 Int+3}
   (You found it in a Gauntlet)

   [ring of evasion]

   EV:        It affects your evasion (+5).
   Int:       It affects your intelligence (+3).
   rElec:     It insulates you from electricity.
   *Slow:     It may slow you when you take damage.
Wands
 x - a wand of roots (4)
 O - a wand of mindburst (18)
 T - a wand of digging (16)
 W - a wand of paralysis (14)
Scrolls
 i - 6 scrolls of fear
 m - 7 scrolls of fog
 n - 8 scrolls of poison
 z - 19 scrolls of teleportation
 C - 3 scrolls of silence
 H - a scroll of magic mapping
 L - 8 scrolls of blinking
 P - 6 scrolls of butterflies
Potions
 e - 16 potions of mutation
 f - 11 potions of haste
 g - 13 potions of heal wounds
 h - 24 potions of curing
 j - 2 potions of resistance
 o - 6 potions of attraction
 u - 3 potions of invisibility
 w - 10 potions of brilliance
 A - 9 potions of cancellation
 J - 3 potions of flight
 Q - 7 potions of might
 U - 2 potions of berserk rage
 X - 2 potions of magic
 Y - 13 potions of lignification
Miscellaneous
 k - a phial of floods
 v - a lightning rod (4/4)
 y - a box of beasts
 E - a phantom mirror
 K - a condenser vane
 S - a tin of tremorstones (1/2)


   Skills:
 + Level 23.6 Fighting
 - Level 2.0 Short Blades
 - Level 5.0 Staves
 - Level 10.0 Dodging
 - Level 10.0 Stealth
 - Level 15.0 Shields
 - Level 15.0 Spellcasting
 - Level 19.5 Conjurations
 - Level 5.0 Hexes
 - Level 15.0 Summonings
 - Level 5.0 Translocations
 - Level 5.0 Transmutations
 - Level 10.0 Fire Magic
 - Level 5.0 Ice Magic
 - Level 15.0 Air Magic
 - Level 15.0 Earth Magic
 - Level 2.0 Poison Magic
 - Level 15.0 Invocations
 - Level 15.0 Evocations


You had 2 spell levels left.
You knew the following spells:

 Your Spells              Type           Power      Damage    Failure   Level
a - Irradiate             Conj/Tmut      49%        3d28      1%          5
b - Freezing Cloud        Conj/Ice/Air   62%        6-21      1%          5
c - Arcjolt               Conj/Air       57%        1d67      1%          5
d - Iskenderun's Mystic   Conj/Tloc      99%        2d19      1%          4
e - Lightning Bolt        Conj/Air       57%        1d79      1%          5
f - Airstrike             Air            43%        2d(7-23)  1%          4
g - Passwall              Tmut/Erth      59%        N/A       1%          2
h - Iron Shot             Conj/Erth      57%        9d11      1%          6
i - Lehudib's Crystal Sp  Conj/Erth      57%        10d13     36%         8
j - Spellforged Servitor  Conj/Summ      57%        N/A       4%          7
k - Blink                 Tloc           100%       N/A       1%          2

Your spell library contained the following spells:

 Spells                   Type           Power      Damage    Failure   Level
 Foxfire                  Conj/Fire      100%       2x1d9     0%          1
 Magic Dart               Conj           100%       1d8       0%          1
 Sandblast                Erth           100%       2d20      0%          1
 Shock                    Conj/Air       100%       1d9       0%          1
 Summon Small Mammal      Summ           100%       N/A       0%          1
 Searing Ray              Conj           100%       2d8       0%          2
 Static Discharge         Conj/Air       100%       2-7/arc   0%          2
 Beastly Appendage        Tmut           100%       N/A       1%          1
 Kiss of Death            Conj/Necr      100%       2d13      1%          1
 Slow                     Hex            100%       N/A       1%          1
 Call Imp                 Summ           86%        N/A       1%          2
 Cigotuvi's Dreadful Rot  Necr/Pois/Air  100%       N/A       1%          2
 Lesser Beckoning         Tloc           100%       N/A       1%          2
 Scorch                   Fire           100%       2d10      1%          2
 Wereblood                Tmut           53%        N/A       1%          2
 Necrotise                Necr           92%        1d8       7%          1
 Sublimation of Blood     Necr           23%        N/A       11%         2
 Call Canine Familiar     Summ           86%        N/A       1%          3
 Dazzling Flash           Conj/Hex       100%       N/A       1%          3
 Hailstorm                Conj/Ice       100%       3d20      1%          3
 Kindle Blastsparks       Fire/Tloc/Air  100%       2d18      1%          3
 Mephitic Cloud           Conj/Pois/Air  99%        N/A       1%          3
 Stone Arrow              Conj/Erth      100%       3d13      1%          3
 Summon Guardian Golem    Hex/Summ       71%        N/A       1%          3
 Vhi's Electric Charge    Tloc/Air       100%       N/A       1%          3
 Flame Wave               Conj/Fire      100%       2d21      1%          4
 Fulminant Prism          Conj/Hex       49%        3d21      1%          4
 Petrify                  Tmut/Erth      71%        N/A       1%          4
 Summon Ice Beast         Ice/Summ       91%        N/A       1%          4
 Summon Lightning Spire   Summ/Air       86%        N/A       1%          4
 Fireball                 Conj/Fire      65%        3d25      1%          5
 Iskenderun's Battlesphe  Conj           100%       2d15      1%          5
 Conjure Ball Lightning   Conj/Air       57%        3x3d21    1%          6
 Orb of Destruction       Conj           60%        9d15      1%          7
 Confusing Touch          Hex            53%        N/A       2%          3
 Frozen Ramparts          Ice            100%       1d16      2%          3
 Gell's Gravitas          Tloc           53%        N/A       2%          3
 Ignite Poison            Fire/Tmut/Pois 72%        N/A       2%          3
 Ozocubu's Armour         Ice            69%        N/A       2%          3
 Teleport Other           Tloc           53%        N/A       2%          3
 Tukima's Dance           Hex            53%        N/A       2%          3
 Starburst                Conj/Fire      65%        6d17      2%          6
 Summon Cactus Giant      Summ           43%        N/A       2%          6
 Summon Forest            Summ/Tloc      35%        N/A       3%          5
 Spider Form              Tmut/Pois      44%        N/A       4%          3
 Ice Form                 Ice/Tmut       69%        N/A       9%          4
 Manifold Assault         Tloc           53%        N/A       9%          4
 Passage of Golubria      Tloc           53%        N/A       9%          4
 Borgnjor's Vile Clutch   Necr/Erth      31%        N/A       9%          5
 Summon Hydra             Summ           43%        N/A       13%         7
 Vampiric Draining        Necr           23%        2d7       22%         3
 Metabolic Englaciation   Hex/Ice        34%        N/A       26%         5
 Yara's Violent Unravell  Hex/Tmut       26%        3d11      26%         5
 Alistair's Intoxication  Tmut/Pois      29%        N/A       43%         5
 Animate Dead             Necr           23%        N/A       56%         4
 Dispel Undead            Necr           23%        3d12      56%         4
 Malign Gateway           Summ/Tloc      35%        N/A       69%         7
 Storm Form               Tmut/Air       35%        N/A       69%         7
 Summon Horrible Things   Summ           43%        N/A       69%         8
 Dispersal                Tloc           26%        N/A       80%         6
 Agony                    Necr           23%        N/A       89%         5
 Eringya's Noxious Bog    Tmut/Pois      22%        N/A       95%         6
 Haunt                    Necr/Summ      31%        N/A       95%         7
 Simulacrum               Ice/Necr       27%        N/A       98%         6
 Death Channel            Necr           11%        N/A       100%        6
 Discord                  Hex            26%        N/A       100%        8
 Disjunction              Tloc           26%        N/A       100%        8
 Infestation              Necr           11%        N/A       100%        8
 Polar Vortex             Ice            34%        N/A       100%        9


Dungeon Overview and Level Annotations

Branches:
Dungeon (15/15)            Temple (1/1) D:7            Lair (5/5) D:8
 Shoals (4/4) Lair:2        Snake (4/4) Lair:2        Slime (0/5) Lair:5
    Orc (2/2) D:12            Elf (3/3) Orc:2        Vaults (5/5) D:13
  Crypt (0/3) Vaults:2     Depths (4/4) D:15            Zot (5/5) Depths:4
 Bailey (visited)         Gauntlet (visited)

Altars:
Ashenzari
Cheibriados
Dithmenos
Elyvilon
Fedhas
Gozag
Hepliaklqana
Kikubaaqudgha
Makhleb
Nemelex Xobeh
Okawaru
Qazlal
Ru
Sif Muna
Trog
Uskayaw
Vehumet
Wu Jian
Xom
Yredelemnul
Zin
The Shining One
Jiyva

Shops:
D:4 *   D:5 =   D:13 [?   Orc:2 ?**!   Elf:1 !   Elf:2 !   Snake:1 *
Snake:4 !   Vaults:1 ((=   Vaults:4 =*   Vaults:5 !?!!!?!([![=   Depths:2 *:(

Portals:
Hell: Depths:1 Depths:2 Depths:3 Depths:4
Abyss: Depths:2 Depths:3
Pandemonium: Depths:2
Ziggurat: Depths:4
Trove: D:10 (give +2 shadow dragon scales)


Innate Abilities, Weirdness & Mutations

Your life essence is reduced to manifest your ancestor. (-10% HP)
You can breathe blasts of scalding, opaque steam.
Your pale cyan-grey scales are hard. (AC +12)
You cannot fit into any form of body armour.
You are cold-blooded and may be slowed by cold attacks.
You are immune to the effects of steam.
You have very sharp teeth.
Your body sometimes deteriorates upon taking damage.
You are somewhat resistant to further mutation.


Message History

The Orb Guardian is heavily wounded.
Aiming: Iron Shot (mildly dangerous; 1% risk of failure)
Press: ? - help, Q - select action, (/) - cycle Shift-Dir - straight line, f/p - Orb Guardian
Aim: an Orb Guardian (heavily wounded, ally target, 71% to hit)
You feel a surge of power!
The iron shot misses the Orb Guardian.
Laslo gestures wildly while chanting.
Laslo seems to speed up.
Aiming: Iron Shot (mildly dangerous; 1% risk of failure)
Press: ? - help, Q - select action, (/) - cycle Shift-Dir - straight line, f/p - Orb Guardian
Aim: an Orb Guardian (heavily wounded, ally target, 71% to hit)
You feel a surge of power!
The iron shot hits the Orb Guardian!!!
You kill the Orb Guardian!
(D) Dungeon (T) Temple (L) Lair (A) Shoals (P) Snake Pit (M) Slime Pits (O) Orcish Mines (E) Elven Halls (V) Vaults (C) Crypt (U) Depths (H) Hell (Z) Zot
Where to? (Enter - D:1 @ (x,y), ? - help) 6 golden eyes come into view.
The tremorstone explodes into fragments!
The burst of rock shards engulfs the golden eye!!
You kill the golden eye!
The burst of rock shards engulfs the golden eye!
You kill the golden eye!
The burst of rock shards engulfs the golden eye!!
You kill the golden eye!
The burst of rock shards engulfs the golden eye!!
You kill the golden eye!
The burst of rock shards engulfs the golden eye!!
You kill the golden eye!
Laslo avoids your attack.
The burst of rock shards engulfs you but does no damage.
The burst of rock shards engulfs the golden eye!
You kill the golden eye!
Laslo avoids your attack.
The burst of rock shards engulfs you but does no damage.
(D) Dungeon (T) Temple (L) Lair (A) Shoals (P) Snake Pit (M) Slime Pits (O) Orcish Mines (E) Elven Halls (V) Vaults (C) Crypt (U) Depths (H) Hell (Z) Zot
Where to? (Enter - D:1 @ (x,y), ? - help) Magic restored.
You enter the shallow water.
Moving in this stuff is going to be slow.
Laslo is no longer moving quickly.
There is a staircase leading out of the dungeon here.
You have escaped!

....# #.......# ....#
#.......###### ....#
##............# ....#
#........####.# # ....#
#.~♣♣♣♣♣♣♣♣♣~.# #
....######~~♣≈≈♣♣♣≈≈♣~~# #
........##♣≈~~~~~~~~~≈♣# #
....#.#.# ♣≈~~~~~~~~~♣♣ ###
......#.# ♣≈~~~R@~~~~♣♣ ##..
##...^#.# ♣♣~~~~~~~~~≈♣ ####..#
##.##.#.##♣♣~~~~~~~~~♣♣#
##....##
...#....##~~≈≈♣≈≈♣♣≈≈~~###..####
####.#...#.~♣♣♣♣♣♣♣♣♣~.##..##
..........................##
####........[....>)######## #
###.##########..# #
#.#......#.#..#


You could see the friendly Laslo the knight (reflecting).

Vanquished Creatures
  A dread lich (Zot:5)
  An orb of fire (Zot:5)
  2 juggernauts
  Bai Suzhen (Vaults:5)
  7 Killer Klowns
  Vashnia (Snake:3)
  A curse toe (Zot:3)
  8 golden dragons
  Nikola (Snake:3)
  A hellephant (Zot:2)
  An electric golem (Zot:5)
  13 tentacled monstrosities
  2 liches
  A walking divine tome (Depths:4)
  15 Orb Guardians
  3 titans (Vaults:5)
  2 deep elf master archers (Elf:3)
  Asterion (Elf:1)
  7 quicksilver dragons
  8 death cobs
  2 deep elf blademasters (Elf:3)
  7 storm dragons
  2 sphinxes (Depths:3)
  2 krakens
  A sphinx (shapeshifter) (D:15)
  4 shadow dragons
  4 tengu reavers
  3 draconian monks
  3 nagarajas
  6 frost giants
  3 deep elf sorcerers
  4 draconian knights
  5 draconian scorchers
  3 fire giants
  14 vault wardens
  Aizul (Snake:1)
  2 draconian shifters
  The ghost of retardedninja the Severer, a journeyman MiFi of Gozag (Orc:1)
  A draconian stormcaller (Zot:1)
  5 deep elf elementalists (Elf:3)
  11 ironbound preservers
  A spriggan defender (Depths:3)
  A draconian annihilator (Zot:1)
  A reaper (Depths:2)
  An orc warlord (Orc:2)
  11 very ugly things
  9 stone giants
  7 deep elf demonologists
  4 vampire knights
  8 ironbound thunderhulks
  10 green draconians
  2 black draconians
  4 deep elf annihilators
  A minotaur (Gauntlet)
  2 red draconians
  6 white draconians
  5 yellow draconians
  Azrael (Snake:3)
  8 dire elephants (Vaults:4)
  8 ettins
  4 spark wasps (Depths:1)
  6 purple draconians
  The ghost of Bevautsi the Fighter, a journeyman DjCj of Ashenzari (D:13)
  A blizzard demon (Gauntlet)
  An ettin (shapeshifter) (Vaults:5)
  2 fire dragons
  The ghost of baller8008 the Thaumaturge, a journeyman DECj of Dithmenos (Lair:3)
  Snorg (D:10)
  5 deep elf death magi
  Josephine (D:14)
  A green death (Zot:3)
  3 merfolk impalers
  6 yaktaur captains
  An entropy weaver (shapeshifter) (Vaults:5)
  7 great orbs of eyes
  3 merfolk javelineers
  4 deep elf high priests
  An entropy weaver (Vaults:4)
  19 vault guards
  2 peacekeepers (Vaults:2)
  7 ice dragons
  2 spriggan air magi
  A salamander tyrant (Snake:4)
  An ogre mage (Vaults:5)
  5 hydras
  3 ironbound frosthearts (Vaults:3)
  6 rakshasas
  3 boulder beetles
  4 merfolk avatars
  11 anacondas
  2 catoblepae
  22 dancing weapons
  11 naga warriors
  13 centaur warriors
  6 merfolk aquamancers
  An alligator snapping turtle (Shoals:3)
  A satyr (Shoals:2)
  3 two-headed ogres
  2 deep troll shamans
  3 tengu warriors
  A vampire mage (Depths:1)
  5 deep troll earth magi
  An orc high priest (Orc:2)
  15 naga sharpshooters
  12 death yaks
  2 spriggan berserkers
  A hell knight (D:15)
  6 shock serpents
  7 skysharks
  9 skeletal warriors
  13 deep elf knights
  An iron troll (Depths:4)
  A flayed ghost (Depths:3)
  9 sea snakes
  6 salamander mystics
  31 deep trolls
  8 wizards
  6 glowing orange brains
  Pikel (D:6)
  13 ironbound convokers
  An orange crystal statue (Zot:5)
  7 deep elf archers
  6 naga ritualists
  2 phantasmal warriors
  16 deep elf pyromancers
  A necromancer (Vaults:5)
  17 manticores
  A lindwurm (Lair:3)
  20 harpies
  20 deep elf zephyrmancers
  5 orc sorcerers (Orc:2)
  9 cyclopes
  36 ugly things
  A shining eye (shapeshifter) (Elf:3)
  5 orc knights
  6 mana vipers
  17 moths of wrath
  7 oklob plants
  A manticore (shapeshifter) (D:15)
  11 fauns
  18 salamanders
  5 guardian serpents (Snake:4)
  5 elephants
  A moth of wrath (shapeshifter) (Vaults:5)
  2 rust devils (Depths:2)
  22 naga magi
  9 vault sentinels
  6 water nymphs
  8 merfolk sirens
  3 orange demons
  35 black mambas
  A molten gargoyle (D:14)
  A guardian serpent (shapeshifter) (D:13)
  A smoke demon (Depths:2)
  5 cane toads
  An unseen horror (D:13)
  A komodo dragon (shapeshifter) (Vaults:5)
  2 rime drakes (Lair:5)
  2 kobold demonologists (D:10)
  4 gargoyles
  A freezing wraith (D:13)
  18 yaktaurs
  8 komodo dragons
  An ice devil (Depths:2)
  5 tengu conjurers
  14 merfolk
  A queen bee (Gauntlet)
  A meliai (D:13)
  4 trolls
  2 red devils (Depths:2)
  9 wind drakes
  4 hornets
  3 polar bears
  3 hellwings
  13 blink frogs
  12 snapping turtles
  3 centaur simulacra (Gauntlet)
  4 dream sheep (Shoals:4)
  17 slime creatures
  A culicivora (shapeshifter) (Depths:1)
  2 vampires
  A shadow (D:13)
  2 spriggans (D:13)
  7 air elementals
  7 wraiths
  A hog (D:14)
  19 yaks
  5 basilisks
  A neqoxec (Depths:2)
  14 water elementals
  5 humans (Zot:2)
  6 golden eyes (D:1)
  A large abomination (D:13)
  5 fire elementals
  A human (shapeshifter) (D:15)
  2 chaos spawn
  A steam dragon (Lair:5)
  12 vampire mosquitoes
  2 basilisks (shapeshifter) (D:13)
  5 wargs
  39 nagas
  2 acid dragons
  11 water moccasins
  2 hell hounds (Snake:3)
  31 orc warriors
  An ice beast (D:7)
  A boggart (Vaults:3)
  13 ogres
  23 wolves
  18 centaurs
  3 lemures
  3 kobold brigands
  7 bullfrogs
  An earth elemental (Elf:2)
  2 scorpions
  A gnoll sergeant (D:8)
  8 wights
  11 killer bees
  7 electric eels
  8 hounds
  22 orc priests
  A wyvern simulacrum (Gauntlet)
  2 gnoll boudas
  5 jellies
  Natasha (thrice) (D:3)
  5 iguanas
  34 orc wizards
  8 gnolls
  5 adders
  A white imp (D:6)
  An ufetubus (D:6)
  2 worms (D:2)
  2 dart slugs
  73 orcs
  6 endoplasms
  A giant cockroach (D:2)
  8 goblins
  4 jackals (D:4)
  24 kobolds
  3 quokkas
  3 ball pythons
  3 bats (D:1)
  2 frilled lizards
  6 rats
  4 tentacles
1540 creatures vanquished.

Vanquished Creatures (collateral kills)
  2 dread liches
  7 orbs of fire (Zot:5)
  3 ancient liches
  The ghost of Zeaxzic Paph the Slayer, a veteran OgBe of Trog (Zot:3)
  4 Killer Klowns
  13 golden dragons
  A curse toe (Zot:4)
  A bone dragon (Depths:4)
  An electric golem (Zot:5)
  3 tentacled monstrosities
  Zenata (Elf:1)
  11 Orb Guardians (Zot:5)
  3 titans (Vaults:5)
  4 quicksilver dragons
  A deep elf blademaster (Elf:2)
  A kraken (Shoals:4)
  A sphinx (Depths:4)
  An ancient champion (Vaults:2)
  2 death cobs
  2 tengu reavers
  Kirke (D:14)
  5 shadow dragons
  3 draconian knights
  6 storm dragons
  2 draconian monks
  4 deep elf sorcerers
  An iron dragon (Vaults:5)
  A fire giant (Depths:4)
  A nagaraja (Snake:4)
  6 vault wardens
  6 draconian scorchers
  3 draconian stormcallers
  3 deep elf elementalists (Elf:3)
  A war gargoyle (Vaults:5)
  3 orc warlords
  2 draconian shifters
  6 draconian annihilators
  7 ironbound preservers
  3 deep elf demonologists
  9 stone giants
  4 very ugly things
  2 ironbound thunderhulks (Vaults:3)
  2 green draconians
  A spark wasp (Depths:4)
  3 black draconians
  9 purple draconians
  A deep elf annihilator (Elf:3)
  5 dire elephants
  4 yellow draconians
  9 red draconians
  10 white draconians
  2 ettins
  A crystal guardian (Vaults:2)
  2 fire dragons (Depths:4)
  2 merfolk impalers (Shoals:4)
  A merfolk javelineer (Shoals:4)
  2 deep elf death magi (Elf:3)
  6 yaktaur captains
  A jiangshi (Vaults:2)
  3 ice dragons (Depths:4)
  2 salamander tyrants (Snake:4)
  A spriggan air mage (Depths:4)
  An ogre mage (Vaults:5)
  2 merfolk avatars
  11 vault guards
  2 ironbound frosthearts (Vaults:1)
  A merfolk aquamancer (Shoals:3)
  A satyr (Shoals:4)
  A centaur warrior (D:14)
  A jorogumo (shapeshifter) (Vaults:5)
  10 dancing weapons
  5 naga warriors
  3 anacondas
  2 deep troll shamans
  2 death yaks
  5 naga sharpshooters
  3 shock serpents (Snake:2)
  2 tengu warriors
  2 skysharks (Shoals:2)
  A hell knight (Depths:4)
  2 iron trolls
  A spriggan berserker (Depths:2)
  2 deep elf knights (Elf:1)
  A shadow wraith (Vaults:5)
  3 skeletal warriors
  A sixfirhy (D:13)
  3 salamander mystics
  8 sea snakes
  22 deep trolls
  2 naga ritualists
  A wizard (Vaults:4)
  6 deep elf pyromancers
  5 deep elf archers (Elf:1)
  6 harpies
  8 ironbound convokers
  4 orc knights (Vaults:1)
  4 deep elf zephyrmancers
  6 phantasmal warriors
  18 ugly things
  3 fauns
  8 salamanders
  5 manticores
  A nameless horror (Zot:1)
  A cyclops (D:15)
  A shining eye (shapeshifter) (Depths:4)
  6 moths of wrath
  5 guardian serpents
  2 vault sentinels
  6 black mambas
  3 naga magi
  4 cane toads
  Maggie (D:6)
  An unseen horror (D:13)
  A freezing wraith (Vaults:5)
  15 yaktaurs
  3 komodo dragons
  6 merfolk
  A queen bee (shapeshifter) (Vaults:5)
  3 wind drakes
  A polar bear (Lair:5)
  2 blink frogs
  4 snapping turtles
  12 slime creatures
  A snapping turtle (shapeshifter) (Vaults:5)
  Sigmund (D:2)
  2 air elementals
  A spriggan (shapeshifter) (D:13)
  3 hogs (D:14)
  4 water elementals
  2 wraiths
  8 yaks
  A wyvern (Lair:5)
  3 basilisks
  A fire elemental (Snake:3)
  A human (Zot:2)
  A redback (Vaults:4)
  2 vampire mosquitoes (D:12)
  2 wargs (Orc:2)
  21 nagas
  A hell hound (Snake:3)
  A water moccasin (Lair:4)
  A black bear (D:13)
  8 orc warriors
  3 wolves
  2 ogres (Orc:2)
  5 centaurs
  2 bullfrogs
  An earth elemental (Elf:1)
  2 killer bees (D:10)
  A hound (shapeshifter) (Elf:2)
  8 orc wizards
  A white imp (Gauntlet)
  24 orcs
  A kobold (D:10)
  A tentacle (Shoals:4)
578 creatures vanquished.

Vanquished Creatures (others)
  A ghost moth (Zot:2)
  2 stone giants
  A green draconian (Zot:2)
  2 yaktaur captains
  A fire dragon (D:15)
  2 centaur warriors (Vaults:2)
  A deep elf knight (Elf:1)
  2 vault sentinels
  3 yaktaurs
  A hell hound (Snake:3)
  An ancestor (D:9)
  34 knights
  A fire vortex (Lair:1)
  A fulminant prism (D:8)
  37 fungi
  219 plants
  16 tentacles
325 creatures vanquished.

Grand Total: 2443 creatures vanquished

Notes
Turn   | Place    | Note
-------+----------+-------------------------------------------
     0 | D:1      | loopz the Draconian Conjurer began the quest for the Orb.
     0 | D:1      | Reached XP level 1. HP: 14/14 MP: 3/3
   251 | D:1      | Reached skill level 1 in Fighting
   574 | D:1      | Reached XP level 2. HP: 24/24 MP: 1/5
   577 | D:1      | Learned a level 2 spell: Searing Ray
   704 | D:1      | Reached skill level 2 in Fighting
  1286 | D:2      | Noticed Sigmund
  1363 | D:2      | Reached XP level 3. HP: 29/29 MP: 2/6
  1498 | D:2      | Found Fusoowal's Antique Armour Shop.
  2137 | D:3      | Reached skill level 5 in Conjurations
  2137 | D:3      | Reached XP level 4. HP: 36/36 MP: 1/7
  2327 | D:3      | You fall into a shaft and drop 3 floors!
  2345 | D:6      | Reached skill level 1 in Short Blades
  2421 | D:6      | Noticed a kobold brigand
  2500 | D:6      | Noticed a lemure
  2532 | D:6      | Killed a lemure
  2636 | D:5      | Entered Level 5 of the Dungeon
  2648 | D:5      | Reached XP level 5. HP: 32/41 MP: 1/9
  2980 | D:4      | Reached skill level 3 in Fighting
  3468 | D:4      | Identified the +6 long sword of Mastery {freeze, MP+9
                  | Stlth+}
  3548 | D:4      | Noticed an ogre
  3634 | D:4      | Noticed an acid dragon
  3891 | D:4      | Found Qafiuklog's Gadget Gallery.
  4211 | D:4      | Killed an ogre
  4212 | D:4      | Reached skill level 4 in Fighting
  4212 | D:4      | Reached XP level 6. HP: 53/53 MP: 10/10
  4445 | D:3      | Reached skill level 5 in Fighting
  4712 | D:3      | Noticed Natasha
  4718 | D:3      | Killed Natasha
  4878 | D:3      | Noticed Natasha
  4902 | D:3      | Killed Natasha
  5227 | D:3      | Noticed Natasha
  5235 | D:3      | Killed Natasha
  5778 | D:4      | Your scales start taking on a pale cyan-grey colour.
  5778 | D:4      | Reached XP level 7. HP: 59/61 MP: 12/13
  5778 | D:4      | Gained mutation: You are immune to the effects of steam.
                  | [Pale Draconian growth]
  5841 | D:4      | Bought a wand of polymorph (8) for 112 gold pieces
  6231 | D:4      | Learned a level 4 spell: Fulminant Prism
  6236 | D:4      | Learned a level 4 spell: Iskenderun's Mystic Blast
  6569 | D:5      | Reached skill level 5 in Spellcasting
  6681 | D:5      | Found Leuqis's Jewellery Emporium.
  7690 | D:6      | Reached XP level 8. HP: 68/68 MP: 17/17
  7702 | D:6      | Noticed Pikel
  8459 | D:6      | Noticed Maggie
  8720 | D:6      | Killed Pikel
  9964 | D:7      | Reached XP level 9. HP: 74/74 MP: 18/18
 10131 | D:7      | Found a staircase to the Ecumenical Temple.
 10154 | Temple   | Entered the Ecumenical Temple
 10356 | Temple   | Became a worshipper of Hepliaklqana the Forgotten
 10650 | D:7      | Learned a level 5 spell: Lightning Bolt
 10655 | D:7      | Learned a level 4 spell: Airstrike
 10853 | D:7      | Reached skill level 10 in Conjurations
 11818 | D:8      | Reached skill level 5 in Air Magic
 12025 | D:8      | Found a shimmering blue altar of Sif Muna.
 12029 | D:8      | Found a blossoming altar of Fedhas.
 12037 | D:8      | Found a sacrificial altar of Ru.
 12040 | D:8      | Found a basalt altar of Yredelemnul.
 12051 | D:8      | Found a snail-covered altar of Cheibriados.
 12416 | D:7      | Reached XP level 10. HP: 57/81 MP: 18/19
 13152 | D:8      | Reached skill level 1 in Shields
 13237 | D:8      | Found a staircase to the Lair.
 13560 | D:9      | Found an ornate altar of the Wu Jian Council.
 13685 | D:9      | Found a flagged portal.
 13694 | Bailey   | Entered a bailey
 13694 | Bailey   | Reached * piety under Hepliaklqana
 13885 | Bailey   | Noticed an orc knight
 13919 | Bailey   | Killed an orc knight
 13920 | Bailey   | Reached skill level 5 in Shields
 13964 | Bailey   | Noticed an orc knight
 14219 | Bailey   | Killed an orc knight
 14220 | Bailey   | Reached skill level 10 in Air Magic
 14447 | D:9      | Found an ancient bone altar of Kikubaaqudgha.
 14906 | D:9      | Reached skill level 1 in Translocations
 15013 | D:9      | Reached skill level 1 in Hexes
 15451 | D:4      | Bought a condenser vane for 400 gold pieces
 16081 | D:2      | Killed Sigmund
 16224 | D:4      | Reached XP level 11. HP: 77/77 MP: 20/20
 16362 | D:6      | Killed Maggie
 16567 | D:10     | Entered Level 10 of the Dungeon
 16592 | D:10     | Reached ** piety under Hepliaklqana
 16593 | D:10     | Remembered your ancestor Laslo as a knight
 17392 | D:10     | Found a portal to a secret trove of treasure.
 17445 | D:10     | Noticed Snorg
 17452 | D:10     | Killed Snorg
 17518 | D:10     | Reached skill level 5 in Evocations
 18250 | D:4      | Bought a tin of tremorstones (2/2) for 400 gold pieces
 18527 | D:11     | Noticed a two-headed ogre
 18540 | D:11     | Killed a two-headed ogre
 18912 | D:11     | Reached skill level 5 in Translocations
 19285 | Lair:1   | Entered Level 1 of the Lair of Beasts
 19288 | Lair:1   | Reached skill level 5 in Hexes
 19292 | Lair:1   | Reached skill level 6 in Fighting
 19401 | Lair:1   | Reached *** piety under Hepliaklqana
 19464 | Lair:1   | Reached skill level 7 in Fighting
 19899 | Lair:1   | Found a hide-covered altar of Uskayaw.
 19902 | Lair:1   | Noticed a death yak
 19903 | Lair:1   | Noticed a death yak
 19905 | Lair:1   | Noticed a death yak
 19910 | Lair:1   | Noticed a death yak
 19961 | Lair:1   | Noticed an oklob plant
 19970 | Lair:1   | Killed an oklob plant
 19971 | Lair:1   | Reached skill level 8 in Fighting
 20230 | Lair:2   | Reached XP level 12. HP: 92/92 MP: 15/21
 20311 | Lair:1   | Killed a death yak
 20312 | Lair:1   | Reached skill level 9 in Fighting
 20797 | Lair:2   | Identified a scroll of acquirement
 20797 | Lair:2   | Acquired the Guide on Luminous Ceraunoscopy
 20906 | Lair:2   | Learned a level 3 spell: Stone Arrow
 21023 | Lair:2   | Reached skill level 1 in Earth Magic
 21106 | Lair:2   | Found a staircase to the Shoals.
 21114 | Lair:2   | You fall into a shaft and drop 2 floors!
 21143 | Lair:4   | Reached skill level 10 in Fighting
 21174 | Lair:4   | Noticed a death yak
 21174 | Lair:4   | Noticed a death yak
 21174 | Lair:4   | Noticed a death yak
 21179 | Lair:3   | Found a runed translucent gate.
 21179 | Lair:3   | Found a runed translucent gate.
 21179 | Lair:3   | Found a runed translucent gate.
 21181 | Lair:3   | Noticed baller8008's ghost (journeyman DECj)
 21220 | Lair:4   | Noticed a death yak
 21220 | Lair:4   | Noticed a death yak
 21231 | Lair:4   | Found a gate leading to a gauntlet.
 21247 | Gauntlet | Entered a Gauntlet
 21247 | Gauntlet | Found a transporter.
 21247 | Gauntlet | Found a transporter.
 21410 | Gauntlet | Found a runed translucent door.
 21422 | Gauntlet | Found a transporter.
 21425 | Gauntlet | Found a transporter.
 21433 | Gauntlet | Found a transporter.
 21437 | Gauntlet | Found a transporter.
 21441 | Gauntlet | Noticed a blizzard demon
 21446 | Gauntlet | Found a transporter.
 21462 | Gauntlet | Found a transporter.
 21476 | Gauntlet | Found a transporter.
 21480 | Gauntlet | Found a transporter.
 21482 | Gauntlet | Found a runed translucent gate.
 21482 | Gauntlet | Found a runed translucent gate.
 21482 | Gauntlet | Found a runed translucent gate.
 21488 | Gauntlet | Found a transporter.
 21492 | Gauntlet | Found a transporter.
 21530 | Gauntlet | Reached skill level 5 in Earth Magic
 21533 | Gauntlet | Reached skill level 1 in Invocations
 21571 | Gauntlet | Identified the +1 cloak of Cowardice {rElec Stlth+}
 21790 | Gauntlet | Killed a blizzard demon
 22071 | Gauntlet | Identified the +9 sling of Gozag's Inspiration {flame,
                  | Int+2}
 22082 | Gauntlet | Identified the ring "Zoigo" {*Slow rElec EV+5 Int+3}
 22128 | Gauntlet | Identified the +8 demon trident "Hell-Harrower" {flame,
                  | SInv}
 22128 | Gauntlet | Noticed a minotaur
 22133 | Gauntlet | Killed a minotaur
 22213 | Gauntlet | Identified the +2 war axe of the Original Sin {pain, Int+2
                  | Dex+3}
 22320 | Lair:4   | Reached skill level 5 in Invocations
 22325 | Lair:4   | Killed a death yak
 22331 | Lair:4   | Killed a death yak
 22509 | Lair:4   | Killed a death yak
 22929 | Lair:1   | Reached **** piety under Hepliaklqana
 23492 | Lair:2   | Found a staircase to the Snake Pit.
 24066 | Lair:3   | Reached XP level 13. HP: 101/101 MP: 22/22
 24946 | Lair:3   | Reached ***** piety under Hepliaklqana
 25505 | D:4      | Bought a phial of floods for 400 gold pieces
 25687 | Lair:4   | Reached skill level 10 in Invocations
 26798 | Lair:5   | Entered Level 5 of the Lair of Beasts
 26875 | Lair:5   | Reached skill level 5 in Dodging
 28849 | Lair:5   | Reached skill level 10 in Spellcasting
 29304 | Lair:5   | Reached XP level 14. HP: 108/108 MP: 13/28
 30095 | Lair:5   | Found the +8 trident of the Octopus King {venom, rElec
                  | rPois}
 30119 | Lair:5   | Identified the +2 mace "Beetle's Regret" {chaos, Drain
                  | Will+ Dex+2}
 30376 | Lair:5   | Found a viscous altar of Jiyva.
 30382 | Lair:5   | Found a staircase to the Slime Pits.
 31880 | D:12     | Reached skill level 10 in Evocations
 32616 | D:12     | Found a staircase to the Orcish Mines.
 32644 | Orc:1    | Entered Level 1 of the Orcish Mines
 33182 | Orc:1    | Found a runed translucent door.
 33352 | Orc:1    | Noticed retardedninja's ghost (journeyman MiFi)
 33517 | Orc:1    | Reached skill level 5 in Stealth
 33832 | Orc:1    | Killed retardedninja's ghost
 34199 | D:5      | Bought the ring of Xyelou {Ice Int+3} for 421 gold pieces
 34509 | Orc:2    | Entered Level 2 of the Orcish Mines
 35350 | Orc:2    | Identified the +7 spear of Toapten {antimagic, rCorr}
 35679 | Orc:2    | Reached skill level 11 in Fighting
 36261 | Orc:2    | Found Cauckie's Magic Scroll Shoppe.
 36261 | Orc:2    | Found Nanuel's General Store.
 36262 | Orc:2    | Found Vaqos's Distillery.
 36266 | Orc:2    | Found Etemaexti's Assorted Antiques.
 36411 | Orc:2    | Bought a small bronze ring for 155 gold pieces
 36415 | Orc:2    | Bought a potion of haste for 120 gold pieces
 36415 | Orc:2    | Bought a potion of magic for 96 gold pieces
 36707 | Orc:2    | Found a staircase to the Elven Halls.
 36972 | Orc:2    | Noticed an orc warlord
 36978 | Orc:2    | Reached skill level 12 in Fighting
 36979 | Orc:2    | Killed an orc warlord
 37114 | Orc:2    | Noticed an orc warlord
 37134 | Orc:2    | Killed an orc warlord
 37413 | Orc:2    | Identified the +4 glaive "Uxkeuler" {speed, Fly}
 37620 | Orc:2    | Bought 3 potions of heal wounds for 180 gold pieces
 37620 | Orc:2    | Bought a potion of brilliance for 48 gold pieces
 37621 | Orc:2    | Bought a scroll of teleportation for 45 gold pieces
 37621 | Orc:2    | Bought a scroll of poison for 60 gold pieces
 37622 | Orc:2    | Bought a scroll of fear for 72 gold pieces
 37622 | Orc:2    | Bought a scroll of fear for 72 gold pieces
 37622 | Orc:2    | Bought a scroll of enchant armour for 135 gold pieces
 37805 | D:13     | Reached skill level 13 in Fighting
 37983 | D:13     | Reached XP level 15. HP: 122/122 MP: 5/29
 38568 | D:13     | Reached skill level 14 in Fighting
 39321 | D:13     | Found a gate to the Vaults.
 39428 | D:13     | Found a runed translucent door.
 39429 | D:13     | Noticed Bevautsi's ghost (journeyman DjCj)
 39434 | D:13     | Identified the +3 trident "Orb Guardian's Foe" {freeze, rF+
                  | rC+ rN+}
 39492 | D:13     | Found Cawkuren's Armour Shoppe.
 39750 | D:13     | Found Jyack's Magic Scroll Emporium.
 39763 | D:13     | Bought a scroll of blinking for 75 gold pieces
 39763 | D:13     | Bought a scroll of teleportation for 30 gold pieces
 40664 | D:13     | Killed Bevautsi's ghost
 41057 | D:4      | Bought a lightning rod (4/4) for 300 gold pieces
 41312 | D:14     | Reached skill level 15 in Fighting
 41512 | D:14     | Noticed Josephine
 41519 | D:14     | Killed Josephine
 41603 | D:14     | Found a shadowy altar of Dithmenos.
 41851 | D:14     | Noticed Kirke
 41858 | D:14     | Killed Kirke
 42333 | D:14     | Reached skill level 10 in Shields
 42773 | D:14     | Found a hazy altar of Hepliaklqana.
 42990 | D:14     | Found a faded altar of an unknown god.
 43505 | D:15     | Entered Level 15 of the Dungeon
 44130 | D:15     | Noticed a sphinx
 44408 | D:15     | Noticed a quicksilver dragon
 44413 | D:15     | a quicksilver dragon changed into a sphinx
 44413 | D:15     | Noticed a sphinx (glowing shapeshifter)
 44417 | D:15     | Killed a sphinx
 44418 | D:15     | Reached XP level 16. HP: 134/134 MP: 5/30
 44531 | D:15     | Found a staircase to the Depths.
 45025 | Lair:3   | Killed baller8008's ghost
 45121 | Snake:1  | Entered Level 1 of the Snake Pit
 45484 | D:13     | Bought a scroll of enchant armour for 75 gold pieces
 46187 | Snake:1  | Noticed Aizul
 46206 | Snake:1  | Killed Aizul
 46594 | Snake:1  | Found Onaiphig's Overcharged Wands.
 46618 | Snake:1  | Reached skill level 15 in Shields
 47062 | Snake:1  | Found a burning altar of Makhleb.
 47083 | Snake:1  | Learned a level 3 spell: Mephitic Cloud
 47307 | Snake:1  | Reached skill level 1 in Poison Magic
 49109 | Snake:2  | Reached ****** piety under Hepliaklqana
 50535 | Snake:3  | Noticed Vashnia
 50790 | Snake:3  | Killed Vashnia
 50793 | Snake:3  | Noticed Azrael
 50812 | Snake:3  | Killed Azrael
 51220 | Snake:3  | Reached XP level 17. HP: 140/140 MP: 0/31
 51779 | Snake:3  | Acquired the amulet "Coffintu" {RegenMP rF+ rN+}
 51912 | Snake:3  | Noticed Nikola
 51921 | Snake:3  | Killed Nikola
 52377 | Snake:3  | Reached skill level 15 in Conjurations
 52482 | Snake:4  | Entered Level 4 of the Snake Pit
 54509 | Snake:4  | Reached skill level 15 in Air Magic
 54723 | Snake:4  | Got a serpentine rune of Zot
 54844 | Snake:4  | Reached XP level 18. HP: 146/146 MP: 17/32
 55112 | Snake:4  | Found Haetucy's Distillery.
 55120 | Snake:4  | Bought a potion of mutation for 160 gold pieces
 55263 | Shoals:1 | Entered Level 1 of the Shoals
 55329 | Shoals:1 | Learned a level 7 spell: Orb of Destruction
 55505 | Shoals:1 | Learned a level 5 spell: Fireball
 55553 | Shoals:1 | Reached skill level 1 in Fire Magic
 56025 | Shoals:1 | Reached skill level 5 in Fire Magic
 57145 | Shoals:2 | Learned a level 5 spell: Freezing Cloud
 57260 | Shoals:2 | Reached skill level 1 in Ice Magic
 58542 | Shoals:3 | Identified the +4 scale mail of Polish {Contam Str+5 Dex+3}
 59031 | Shoals:4 | Entered Level 4 of the Shoals
 59182 | Shoals:4 | Found an iron altar of Okawaru.
 59207 | Shoals:4 | Reached skill level 5 in Ice Magic
 59368 | Shoals:4 | Reached skill level 10 in Fire Magic
 60074 | Shoals:4 | Got a barnacled rune of Zot
 60113 | Shoals:4 | Reached XP level 19. HP: 153/153 MP: 25/33
 60427 | Shoals:4 | Got the Folio of Sepulchral Composition
 60795 | Vaults:1 | Entered Level 1 of the Vaults
 60795 | Vaults:1 | Found Qucvoef's Jewellery Shop.
 60798 | Vaults:1 | Bought a ring of willpower for 375 gold pieces
 60798 | Vaults:1 | Bought a ring of see invisible for 225 gold pieces
 60914 | Elf:1    | Entered Level 1 of the Elven Halls
 61171 | Elf:1    | Noticed Zenata
 61176 | Elf:1    | Paralysed by an air elemental for 1 turns
 61180 | Elf:1    | Paralysed by an air elemental for 1 turns
 61183 | Elf:1    | Killed Zenata
 61413 | Elf:1    | Paralysed by an air elemental for 1 turns
 61899 | Elf:1    | Reached skill level 15 in Evocations
 62122 | Elf:1    | Found Pomyg's Distillery.
 62140 | Elf:1    | Noticed Asterion
 62161 | Elf:1    | Killed Asterion
 62338 | Elf:1    | Paralysed by an air elemental for 1 turns
 62706 | Elf:1    | Bought a potion of cancellation for 96 gold pieces
 62937 | Elf:2    | Found Xeaxt's Distillery.
 62938 | Elf:2    | Paralysed by an air elemental for 1 turns
 63274 | Elf:2    | Found a huge runed translucent gate.
 63274 | Elf:2    | Found a huge runed translucent gate.
 63274 | Elf:2    | Found a huge runed translucent gate.
 63274 | Elf:2    | Found a huge runed translucent gate.
 63274 | Elf:2    | Found a huge runed translucent gate.
 63482 | Elf:3    | Entered Level 3 of the Elven Halls
 65106 | Elf:3    | Reached XP level 20. HP: 160/160 MP: 16/34
 65110 | Elf:3    | Reached skill level 15 in Invocations
 65120 | Elf:3    | Identified the +0 leather armour of Ishytr Husuo {Str+2}
 65120 | Elf:3    | Identified the ring "Orugh" {Fire Will++}
 65188 | Elf:3    | Identified the +6 quarterstaff of the Mosquito {drain,
                  | rPois Will+ Stlth-}
 65221 | Elf:3    | Identified the +6 leather armour "Veqocko" {Fly rN++ Dex-4
                  | SInv}
 65256 | Elf:3    | Identified the +3 rapier of Dissolution {spect, Int+3}
 65278 | Elf:3    | Identified the ring of Waost {rN++ EV+5}
 65488 | Elf:3    | Identified the +10 arbalest "Mulaskoe" {flame, rElec Will+
                  | Int-5 Dex+3}
 65512 | Elf:3    | Got Ciwkawa's Directory of the Kinetic Wayfarer
 65805 | D:13     | Bought a scroll of amnesia for 40 gold pieces
 65813 | D:13     | Learned a level 6 spell: Iron Shot
 66043 | Vaults:1 | Identified the +8 battleaxe "Lougegiulu" {venom, rF+}
 66057 | Vaults:1 | Found Ahya's Antique Weapon Shoppe.
 66243 | Vaults:1 | Found Kegimpit's Weapon Shoppe.
 66506 | Vaults:1 | Identified the +0 buckler "Lopias" {rElec rCorr Int+4
                  | Dex-4}
 68253 | Vaults:2 | Reached skill level 10 in Earth Magic
 68862 | Vaults:2 | Found a staircase to the Crypt.
 69157 | Vaults:2 | You fall into a shaft and drop 2 floors!
 69240 | Vaults:3 | Reached XP level 21. HP: 134/165 MP: 8/37
 71195 | Vaults:3 | Learned a level 7 spell: Spellforged Servitor
 71206 | Vaults:4 | Found Zedos's Jewellery Shoppe.
 71715 | Vaults:4 | Found Soigh's General Store.
 71754 | Vaults:4 | Reached skill level 15 in Earth Magic
 71810 | Vaults:4 | Reached skill level 1 in Summonings
 71988 | Vaults:4 | Reached skill level 5 in Summonings
 72953 | Vaults:4 | Reached skill level 10 in Summonings
 73271 | Depths:1 | Entered Level 1 of the Depths
 74570 | D:15     | Reached XP level 22. HP: 134/172 MP: 4/38
 75622 | Depths:1 | Learned a level 5 spell: Irradiate
 75628 | Depths:1 | Learned a level 5 spell: Arcjolt
 75685 | Depths:1 | Reached skill level 1 in Transmutations
 75740 | Depths:1 | Found a gateway to Hell.
 76566 | Depths:2 | Found Xyzxiwic's Weapon Emporium.
 76566 | Depths:2 | Found Vozucekh's Book Shoppe.
 76644 | Depths:2 | Found a one-way gate to the infinite horrors of the Abyss.
 77048 | Depths:2 | Found a hide-covered altar of Uskayaw.
 77397 | Depths:2 | Found a one-way gate leading to the halls of Pandemonium.
 77544 | Depths:2 | Found an opulent altar of Gozag.
 77546 | Depths:2 | Found Gozag's Platinum Reserve.
 77698 | Depths:2 | You fall into a shaft and drop 1 floor!
 77872 | Depths:3 | Reached skill level 5 in Transmutations
 78666 | Depths:3 | Reached skill level 15 in Summonings
 78859 | Depths:3 | Identified the +7 morningstar of Xom's Approval {venom,
                  | Str+5}
 79077 | Depths:3 | Identified the +5 rapier "Piagoqus" {freeze, Str+8 Int-4}
 79353 | Depths:4 | Entered Level 4 of the Depths
 79466 | Depths:4 | Noticed a golden dragon
 79581 | Depths:4 | Killed a golden dragon
 79662 | Depths:4 | Noticed a juggernaut
 79670 | Depths:4 | Killed a juggernaut
 79925 | Depths:4 | Noticed a golden dragon
 79929 | Depths:4 | Killed a golden dragon
 79989 | Depths:4 | Found a gate to the Realm of Zot.
 80115 | Depths:4 | Noticed a golden dragon
 80127 | Depths:4 | Killed a golden dragon
 80234 | Depths:4 | Noticed a golden dragon
 80240 | Depths:4 | Killed a golden dragon
 80828 | Depths:4 | Reached XP level 23. HP: 162/179 MP: 2/41
 80842 | Depths:4 | Reached skill level 15 in Spellcasting
 80845 | Depths:4 | Reached skill level 1 in Staves
 81000 | Depths:4 | Found a one-way gateway to a ziggurat.
 81529 | Vaults:5 | Entered Level 5 of the Vaults
 81636 | Vaults:5 | Reached skill level 5 in Staves
 82168 | Vaults:5 | Learned a level 8 spell: Lehudib's Crystal Spear
 82286 | Vaults:5 | Noticed a dread lich
 82294 | Vaults:5 | Killed a dread lich
 82971 | Vaults:5 | Noticed Bai Suzhen
 82977 | Vaults:5 | Killed Bai Suzhen
 83168 | Vaults:5 | Noticed an ancient lich
 83171 | Vaults:5 | Killed an ancient lich
 83282 | Vaults:5 | Found Orirux's Distillery.
 83580 | Vaults:5 | Found Roniuzer's Antique Armour Shoppe.
 83583 | Vaults:5 | Found Foareulo's Antique Weapon Boutique.
 83959 | Vaults:5 | Found Kiceshre's Distillery.
 83960 | Vaults:5 | Found Usazxad's Antique Armour Shoppe.
 83964 | Vaults:5 | Bought a potion of heal wounds for 70 gold pieces
 83964 | Vaults:5 | Bought a potion of cancellation for 112 gold pieces
 83964 | Vaults:5 | Bought a potion of brilliance for 56 gold pieces
 84032 | Vaults:5 | Found Bibyabra's Distillery.
 84037 | Vaults:5 | Bought a potion of mutation for 128 gold pieces
 84222 | Vaults:5 | Found Wuculyucs's Distillery.
 84222 | Vaults:5 | Found Sanodell's Distillery.
 84227 | Vaults:5 | Bought a potion of mutation for 144 gold pieces
 84261 | Vaults:5 | Found Cesch's Distillery.
 84261 | Vaults:5 | Found Visod's Magic Scroll Emporium.
 84266 | Vaults:5 | Bought a potion of heal wounds for 85 gold pieces
 84266 | Vaults:5 | Bought a potion of heal wounds for 85 gold pieces
 84273 | Vaults:5 | Bought a scroll of blinking for 150 gold pieces
 84273 | Vaults:5 | Bought a scroll of enchant armour for 150 gold pieces
 84273 | Vaults:5 | Bought a scroll of poison for 80 gold pieces
 84287 | Vaults:5 | Found Fiakhlargh's Magic Scroll Shoppe.
 84292 | Vaults:5 | Bought a scroll of acquirement for 780 gold pieces
 84292 | Vaults:5 | Acquired 288 gold pieces
 84427 | Vaults:5 | Found Puoru's Jewellery Shop.
 84529 | Vaults:5 | Got a silver rune of Zot
 84621 | Vaults:5 | Bought a potion of haste for 160 gold pieces
 84621 | Vaults:5 | Bought a potion of haste for 160 gold pieces
 84668 | Vaults:5 | Bought a potion of haste for 180 gold pieces
 84679 | Vaults:5 | Bought 2 potions of haste for 340 gold pieces
 84679 | Vaults:5 | Bought a potion of haste for 170 gold pieces
 84690 | Vaults:5 | Bought a potion of haste for 150 gold pieces
 84690 | Vaults:5 | Bought a potion of resistance for 150 gold pieces
 84994 | Elf:1    | Bought a potion of heal wounds for 60 gold pieces
 84994 | Elf:1    | Bought a potion of invisibility for 96 gold pieces
 85011 | Elf:2    | Bought a potion of haste for 140 gold pieces
 85011 | Elf:2    | Bought 2 potions of haste for 280 gold pieces
 85011 | Elf:2    | Bought a potion of haste for 140 gold pieces
 85011 | Elf:2    | Bought a potion of brilliance for 56 gold pieces
 85011 | Elf:2    | Bought a potion of magic for 112 gold pieces
 85011 | Elf:2    | Bought a potion of resistance for 140 gold pieces
 85386 | Snake:4  | Bought 2 potions of cancellation for 320 gold pieces
 85873 | Vaults:5 | Bought a potion of cancellation for 120 gold pieces
 85920 | Vaults:5 | Bought a potion of brilliance for 64 gold pieces
 85920 | Vaults:5 | Bought a potion of cancellation for 128 gold pieces
 86252 | Zot:1    | Entered Level 1 of the Realm of Zot
 86335 | Zot:1    | Reached XP level 24. HP: 180/185 MP: 2/42
 86503 | Zot:1    | Noticed a Killer Klown
 86507 | Zot:1    | Noticed an ancient lich
 86523 | Zot:1    | Killed an ancient lich
 86525 | Zot:1    | Reached skill level 16 in Fighting
 86531 | Zot:1    | Killed a Killer Klown
 87259 | Zot:1    | Reached skill level 17 in Fighting
 87817 | Zot:1    | Reached skill level 18 in Fighting
 89223 | Zot:1    | Reached skill level 19 in Fighting
 89395 | Zot:2    | Learned a level 2 spell: Passwall
 89725 | Zot:2    | Noticed a Killer Klown
 89739 | Zot:2    | Killed a Killer Klown
 89786 | Zot:2    | Noticed a Killer Klown
 89786 | Zot:2    | Noticed a Killer Klown
 89803 | Zot:2    | Killed a Killer Klown
 89807 | Zot:2    | Killed a Killer Klown
 89889 | Zot:2    | Noticed a Killer Klown
 89905 | Zot:2    | Killed a Killer Klown
 89915 | Zot:2    | Reached skill level 20 in Fighting
 90117 | Zot:2    | Noticed a Killer Klown
 90126 | Zot:2    | Killed a Killer Klown
 90699 | Zot:3    | Noticed a Killer Klown
 90706 | Zot:3    | Killed a Killer Klown
 90740 | Zot:3    | Acquired 635 gold pieces
 90779 | Zot:3    | Found a runed translucent door.
 90837 | Zot:3    | Noticed Zeaxzic Paph's ghost (veteran OgBe)
 90840 | Zot:3    | Reached XP level 25. HP: 201/207 MP: 1/42
 91120 | Zot:3    | Learned a level 2 spell: Blink
 91753 | Zot:3    | Killed Zeaxzic Paph's ghost
 91839 | Zot:4    | Reached skill level 10 in Stealth
 93162 | Zot:5    | Entered Level 5 of the Realm of Zot
 93189 | Zot:5    | Noticed an orb of fire
 93195 | Zot:5    | Killed an orb of fire
 94776 | Zot:5    | Reached skill level 10 in Dodging
 95372 | Zot:5    | Noticed an orb of fire
 95379 | Zot:5    | Killed an orb of fire
 95380 | Zot:5    | Noticed a dread lich
 95380 | Zot:5    | Noticed a juggernaut
 95380 | Zot:5    | Noticed a Killer Klown
 95381 | Zot:5    | Noticed an orb of fire
 95385 | Zot:5    | Noticed an orb of fire
 95386 | Zot:5    | Killed an orb of fire
 95393 | Zot:5    | Killed an orb of fire
 95769 | Zot:5    | Noticed an orb of fire
 95771 | Zot:5    | Gained mutation: Potions are less effective at restoring
                  | your health. [an orb of fire]
 95777 | Zot:5    | Killed an orb of fire
 95778 | Zot:5    | Reached skill level 21 in Fighting
 96181 | Zot:5    | Noticed an orb of fire
 96199 | Zot:5    | Killed an orb of fire
 96213 | Zot:5    | Killed a dread lich
 96255 | Zot:5    | Killed a Killer Klown
 96306 | Zot:5    | Killed a juggernaut
 96426 | Zot:5    | Reached skill level 22 in Fighting
 96513 | Zot:5    | Reached XP level 26. HP: 200/222 MP: 27/42
 96594 | Zot:5    | Noticed an orb of fire
 96595 | Zot:5    | Gained mutation: You sometimes lose your temper in combat.
                  | [an orb of fire]
 96605 | Zot:5    | Killed an orb of fire
 96613 | Zot:5    | Lost mutation: You sometimes lose your temper in combat.
                  | [potion of mutation]
 96613 | Zot:5    | Lost mutation: Potions are less effective at restoring your
                  | health. [potion of mutation]
 96613 | Zot:5    | Gained mutation: You have very sharp teeth. [potion of
                  | mutation]
 96613 | Zot:5    | Gained mutation: You are somewhat resistant to further
                  | mutation. [potion of mutation]
 96689 | Zot:5    | Noticed an orb of fire
 96698 | Zot:5    | Killed an orb of fire
 96935 | Zot:5    | Reached skill level 23 in Fighting
 96985 | Zot:5    | Gained mutation: Your body sometimes deteriorates upon
                  | taking damage. [mutagenic glow]
 97033 | Zot:5    | Noticed an ancient lich
 97037 | Zot:5    | Killed an ancient lich
 97228 | Zot:5    | Noticed a dread lich
 97236 | Zot:5    | Killed a dread lich
 97429 | Zot:5    | Got the Orb of Zot
 97915 | D:2      | Noticed Adakkuaroe the pandemonium lord
 97988 | D:$      | Escaped with the Orb!

Illustrated notes

Levels and vault maps discovered:
D:1:      reono_arrival_forest_river, layout_basic
D:2:      layout_basic, serial_shops, nicolae_shop_behind_doors,
          serial_bayou_pond_a, minmay_tetromino_s2, uniq_sigmund
D:3:      layout_loops_ring, uniq_natasha
D:4:      layout_cave_pools, nicolae_shop_gadgets
D:5:      layout_layer_cave, serial_shops, shop
D:6:      layout_loops_corners, uniq_pikel, uniq_maggie
D:7:      layout_basic, minmay_temple_entry_offerings
D:8:      layout_gridville, minmay_overflow_temple_star_hex, erik_lair_island
D:9:      layout_gridville, nicolae_kikubaaqudgha_miasma_corner,
          nzn_wu_jian_contemplation, enter_bailey_2,
          nicolae_figureground_sparkle
D:10:     layout_basic, enter_trove_6, uniq_snorg
D:11:     layout_small_grid
D:12:     layout_loops_cross, orc_0_dummy, minmay_misc_feat_roman
D:13:     nzn_winding_woodlands_small [nzn_winding_woodlands_5x15_pool,
          nzn_winding_woodlands_center_pierced_h,
          nzn_winding_woodlands_5x15_sawtooth], layout_layer_cave,
          erik_vaults_1, serial_shops, shop, shop, ebering_ghost_funeral_grove,
          serial_bayou_lagoon_b
D:14:     layout_loops_ring, grunt_dithmenos_smoke,
          beargit_hepliaklqana_dungeon_heroes, uniq_josephine, uniq_kirke
D:15:     gammafunk_enter_depths_forms, layout_rooms,
          chequers_serial_rivers_marsh, minivault_12
Temple:   bh_familiar_temple
Lair:1:   layout_gridlike, basic_altar, lemuel_fruit_fields
Lair:2:   layout_gridlike, minmay_shoals_entry_centaurs,
          minmay_snake_entry_guardpost_small
Lair:3:   layout_small_grid, ebering_ghost_rock_garden
Lair:4:   layout_misc_corridors, gauntlet_entry_generic, st_stairs_6,
          chequers_serial_rivers_large_b, grunt_megastairs_4, lemuel_fruit_tree
Lair:5:   gammafunk_lair_ancient_temple, layout_long_grid,
          minmay_slime_entry_oklob_enclosed, lemuel_fruit_fields
Shoals:1: layout_shoals, nzn_prometheus_bound
Shoals:2: layout_shoals
Shoals:3: layout_shoals, nicolae_shoals_so_close
Shoals:4: shoals_end_simple, layout_shoals, lemuel_oklob_altar
Snake:1:  layout_honeycomb, basic_altar, nicolae_shop_overcharged_wands,
          uniq_aizul
Snake:2:  layout_chambers, nicolae_elevator_lobby_plus, grunt_megastairs_2
Snake:3:  layout_onion_interference, uniq_azrael, uniq_nikola, uniq_vashnia
Snake:4:  johnstein_snake_rune_scales, layout_cave_town, serial_shops, shop,
          guppyfry_snake_island
Orc:1:    layout_caves, ebering_ghost_reflecting_pool
Orc:2:    st_orc_mages, layout_caves, minmay_orc_treasury
Elf:1:    nicolae_elf_arrival_aired_out, layout_loops_cross, serial_shops,
          nicolae_shop_hallway_plus, hangedman_elf_represent, uniq_zenata,
          uniq_asterion
Elf:2:    elven_hall_of_blades_hangedman_alternative
          [nicolae_blade_entry_hurt_lockers], layout_geoelf_octagon,
          serial_shops, shop
Elf:3:    elf_hall, layout_gridlike, hangedman_decor_cross_pass
Vaults:1: v_pattern_5, vaults_room_stairs_pillars, v_misc_23,
          nicolae_vaults_rhombus_6, st_lattice, hangedman_vaults_impose,
          layout_vaults_chaotic_city, serial_shops,
          nicolae_shop_bloodbath_and_beyond, nicolae_shop_hallway_plus, shop
Vaults:2: vaults_room_pool, minmay_crypt_entry_simple_walls, v_alt_pattern_4,
          vaults_mumra_hexcomb, nicolae_vaults_know_your_exits,
          hangedman_vaults_impose, vaults_room_grid, vaults_mumra_hex,
          layout_vaults_omnigrid
Vaults:3: hangedman_vaults_capsules, vaults_room_fours, v_rooms_2,
          vaults_room_guarded_vault, v_misc_12, nicolae_vaults_network_star,
          nicolae_vaults_little_squares_2, vaults_room_fours,
          vaults_dpeg_emergency_exit, ontoclasm_vaults_loading_screen,
          nicolae_vaults_theta, nicolae_vaults_theta, vaults_room_hallway,
          layout_vaults_omnicross
Vaults:4: hangedman_vaults_impose, vaults_room_glass_cross, v_misc_25,
          nicolae_vaults_network_square, hangedman_vaults_slice,
          nicolae_vaults_puzzle_piece, v_misc_4, hangedman_vaults_river_flow,
          dpeg_vaults_monster_box, vaults_room_pool, layout_vaults_ring,
          serial_shops, nicolae_square_shop, shop
Vaults:5: uniq_bai_suzhen, uniq_margery
Depths:1: layout_twisted_cross, pf_coc_iceberg,
          minmay_fractal_squares_diagonal_5
Depths:2: dpeg_oklob_shooting_range, layout_honeycomb,
          grunt_pan_entry_in_and_out, hell_entry, abyss_entry,
          nicolae_gozag_zags_fifth_avenue, nicolae_uskayaw_en_pointe,
          grunt_megastairs_3, minmay_shoptagon
Depths:3: cross_vault, layout_gridlike, hell_entry, abyss_entry_crystal,
          infiniplex_staircase_zigzag_5, grunt_megastairs_1
Depths:4: evilmike_zot_entry_diamond, layout_long_grid, enter_ziggurat_f,
          pf_vacation_house_of_asmodeus, grunt_tough_drop,
          kennysheep_random_hallway, grunt_megastairs_5
Zot:1:    ebering_klown_carousel, layout_gridlike
Zot:2:    circus_mu, layout_gridlike
Zot:3:    layout_concentric_octagons, ebering_ghost_reflecting_pool
Zot:4:    layout_gridlike
Zot:5:    layout_gridville

Skill      XL: |  1  2  3  4  5  6  7  8  9 10 11 12 13 14 15 16 17 18 19 20 21 22 23 24 25 26 |
---------------+-------------------------------------------------------------------------------+-----
Fighting       | 1 2 4 5 8 10 13 15 20 22 23 | 23.6
Stealth        | 2 5 7 10 | 10.0
Conjurations   | 5 8 10 14 15 19 | 19.5
Short Blades   | 2 |  2.0
Spellcasting   | 3 4 6 10 12 14 15 | 15.0
Air Magic      | 7 10 15 | 15.0
Shields        | 5 13 15 | 15.0
Evocations     | 3 5 6 10 12 15 | 15.0
Translocations | 1 5 |  5.0
Hexes          | 1 5 |  5.0
Earth Magic    | 5 11 15 | 15.0
Invocations    | 9 10 14 15 | 15.0
Dodging        | 5 10 | 10.0
Poison Magic   | 2 |  2.0
Fire Magic     | 10 | 10.0
Ice Magic      | 5 |  5.0
Summonings     | 12 15 | 15.0
Transmutations | 5 |  5.0
Staves         | 5 |  5.0

Action                     |  1- 3 |  4- 6 |  7- 9 | 10-12 | 13-15 | 16-18 | 19-21 | 22-24 | 25-27 || total
---------------------------+-------+-------+-------+-------+-------+-------+-------+-------+-------++-------
  Melee: Club              |     4 |       |       |       |       |       |       |       |       ||     4
         Short sword       |     8 |    20 |       |       |       |       |       |       |       ||    28
         Dagger            |       |    40 |       |       |       |       |       |       |       ||    40
         Tailslap          |       |     3 |     1 |     5 |    20 |     3 |    13 |    11 |     1 ||    57
         Long sword        |       |     1 |     5 |    33 |    74 |       |       |       |       ||   113
         Whip              |       |       |       |     4 |       |       |       |       |       ||     4
         Trident           |       |       |       |       |       |    22 |    36 |    23 |       ||    81
         Mace              |       |       |       |       |       |     8 |     3 |       |       ||    11
         Staff             |       |       |       |       |       |       |       |    12 |     6 ||    18
  Throw: Dart              |       |       |    13 |    20 |     6 |       |       |       |       ||    39
         Throwing net      |       |       |       |     1 |       |       |       |       |       ||     1
   Cast: Magic Dart        |    43 |    28 |    73 |    63 |     5 |       |       |       |       ||   212
         Searing Ray       |    10 |    33 |    78 |    36 |     5 |       |       |       |       ||   162
         Airstrike         |       |       |       |   125 |   144 |   151 |    68 |    33 |    38 ||   559
         Lightning Bolt    |       |       |       |    53 |    99 |    50 |    35 |    10 |       ||   247
         Fulminant Prism   |       |       |       |     1 |       |       |       |       |       ||     1
         Iskenderun's Myst |       |       |       |    29 |    83 |    65 |    34 |     1 |     1 ||   213
         Stone Arrow       |       |       |       |     6 |   399 |   623 |   691 |    23 |       ||  1742
         Fireball          |       |       |       |       |       |    56 |    17 |     4 |       ||    77
         Mephitic Cloud    |       |       |       |       |       |       |     4 |       |       ||     4
         Freezing Cloud    |       |       |       |       |       |       |     4 |    10 |     9 ||    23
         Iron Shot         |       |       |       |       |       |       |    57 |   530 |   193 ||   780
         Arcjolt           |       |       |       |       |       |       |       |     7 |       ||     7
         Irradiate         |       |       |       |       |       |       |       |     3 |       ||     3
         Spellforged Servi |       |       |       |       |       |       |       |    44 |    32 ||    76
         Passwall          |       |       |       |       |       |       |       |       |     2 ||     2
 Invoke: Recall Ancestor   |       |       |       |     5 |     8 |    14 |     6 |     6 |     6 ||    45
         Ancestor Life: Kn |       |       |       |     1 |       |       |       |       |       ||     1
         Idealise          |       |       |       |       |     3 |     7 |    14 |    17 |     7 ||    48
Ability: Breathe Steam     |       |       |     1 |       |     1 |     1 |       |       |       ||     3
  Evoke: Wand              |       |       |     5 |    11 |    26 |    19 |    17 |    17 |       ||    95
         Condenser vane    |       |       |       |     2 |     4 |    10 |    13 |    13 |     2 ||    44
         Tin of tremorston |       |       |       |     2 |     4 |     4 |    14 |    11 |     3 ||    38
         Lightning rod     |       |       |       |       |       |    16 |    23 |    16 |     2 ||    57
         Phial of floods   |       |       |       |       |       |     2 |     2 |     1 |       ||     5
         Phantom mirror    |       |       |       |       |       |       |       |     3 |     2 ||     5
         Box of beasts     |       |       |       |       |       |       |       |       |     2 ||     2
    Use: Scroll            |     5 |     5 |     6 |    16 |     5 |     7 |     6 |    14 |     4 ||    68
         Potion            |       |       |       |     5 |       |    10 |     1 |     4 |    21 ||    41
   Stab: Sleeping          |     1 |     1 |       |       |       |       |       |       |       ||     2
         Distracted        |       |       |       |     1 |     1 |       |       |       |       ||     2
         Paralysed         |       |       |       |       |     5 |       |       |       |       ||     5
 Armour: Skin              |     4 |    24 |    33 |    44 |    61 |    85 |   112 |    71 |    23 ||   457
  Dodge: Dodged            |    12 |    60 |    38 |    71 |   201 |   186 |    96 |    59 |    26 ||   749
  Block: Buckler           |       |       |       |    39 |    77 |       |       |       |       ||   116
         Tower shield      |       |       |       |       |       |   332 |   364 |   144 |    47 ||   887

Table legend: (Time is in decaauts)
 A = Elapsed time spent in this place.
 B = Non-inter-level travel time spent in this place.
 C = Inter-level travel time spent in this place.
 D = Time resting spent in this place.
 E = Time spent auto-exploring this place.
 F = Levels seen in this place.
 G = Mean time per level.
                   A        B        C        D        E       F      G
               +--------+--------+--------+--------+--------+-----+--------+
         Total |  98603 |  89858 |   8745 |  34062 |  42044 |  50 | 1972.1 |
       Dungeon |  31293 |  26663 |   4630 |  10438 |  12609 |  15 | 2086.2 |
        Temple |    319 |    275 |     44 |    100 |    166 |   1 |  319.0 |
          Lair |  11046 |  10350 |    696 |   4858 |   4262 |   5 | 2209.2 |
        Shoals |   5648 |   5393 |    255 |   2047 |   2445 |   4 | 1412.0 |
     Snake Pit |  10048 |   9551 |    497 |   3453 |   4664 |   4 | 2512.0 |
  Orcish Mines |   4854 |   4480 |    374 |   1783 |   1956 |   2 | 2427.0 |
   Elven Halls |   4665 |   4214 |    451 |   1326 |   2058 |   3 | 1555.0 |
        Vaults |  11410 |  10219 |   1191 |   2828 |   5422 |   5 | 2282.0 |
        Depths |   6404 |   6003 |    401 |   1985 |   3129 |   4 | 1601.0 |
           Zot |  11084 |  10882 |    202 |   4255 |   4953 |   5 | 2216.8 |
        Bailey |    757 |    757 |      0 |    365 |    153 |   1 |  757.0 |
      Gauntlet |   1070 |   1070 |      0 |    621 |    225 |   1 | 1070.0 |
               +--------+--------+--------+--------+--------+-----+--------+

Top non-repeatable levels by time:
   Zot:5: 3393 daAuts
 Snake:2: 3284 daAuts
  Lair:5: 3274 daAuts
Vaults:5: 3270 daAuts
    D:13: 3180 daAuts
     D:6: 3074 daAuts
   Orc:2: 3036 daAuts
    D:15: 2875 daAuts
   Zot:1: 2714 daAuts
 Snake:1: 2622 daAuts
    D:14: 2587 daAuts
  Lair:4: 2421 daAuts
    D:12: 2369 daAuts
 Snake:4: 2300 daAuts
     D:4: 2291 daAuts
